 Dungeon Crawl Stone Soup version 0.30.1-11-g7821555f0a (webtiles) character file.

Game seed: 13496622029557126508

4750 KittyFluff the Protected (level 10, 0/94 HPs)
             Began as a Gargoyle Berserker on Nov 7, 2023.
             Was an Elder of Trog.
             Slain by an orc priest
             ... wielding a +2 hand axe of flaming
              (3 damage)
             ... on level 8 of the Dungeon.
             The game lasted 00:28:31 (7343 turns).

KittyFluff the Protected (Gargoyle Berserker)       Turns: 7343, Time: 00:28:31

Health: 0/94       AC: 18    Str: 25    XL:     10   Next: 46%
Magic:  10/10      EV: 13    Int:  8    God:    Trog [****..]
Gold:   303        SH:  0    Dex:  9    Spells: 9/9 levels left

rFire   . . .        k - +0 quarterstaff
rCold   + . .        (shield currently unavailable)
rNeg    + . .        K - +0 steam dragon scales
rPois   ∞            I - +1 helmet
rElec   +            J - +0 cloak
rCorr   .            (no gloves)
SInv    .            (no boots)
Will    .....        c - amulet of the acrobat Stlth
                     D - ring of protection from cold
HPRegen 0.35/turn    (no ring)
MPRegen 0.12/turn

%: acrobat
@: berserking, very quick
A: sickness immunity, AC +7, negative energy resistance 1, electricity
resistance, torment resistance 1, petrification resistance
a: Renounce Religion, Berserk, Trog's Hand, Brothers in Arms


You were on level 8 of the Dungeon.
You worshipped Trog.
Trog was greatly pleased with you.
You visited 1 branch of the dungeon, and saw 8 of its levels.

You collected 468 gold pieces.
You spent 165 gold pieces at shops.

Inventory:

Hand Weapons
 a - a +0 mace
 i - a +0 sling
 k - a +0 quarterstaff (weapon)
 C - the +9 dire flail "Pifferon" {venom, Dex+3}
   (You took it off an ogre on level 5 of the Dungeon)

   Dex:       It affects your dexterity (+3).
 H - a +1 shortbow of draining
Missiles
 j - 3 javelins
 o - a curare-tipped dart
 s - 5 boomerangs (quivered)
 z - 7 poisoned darts
Armour
 b - a +3 chain mail of cold resistance
 I - a +1 helmet (worn)
 J - a +0 cloak (worn)
 K - +0 steam dragon scales (worn)
Jewellery
 c - an amulet of the acrobat (around neck)
 p - a ring of fire
 D - a ring of protection from cold (left hand)
Wands
 L - a wand of digging (2)
Scrolls
 e - a scroll of poison {unknown}
 m - a scroll of enchant armour {unknown}
 q - 3 scrolls of noise {unknown}
 r - 3 scrolls of fear {unknown}
 t - 5 scrolls of identify {unknown}
 u - a scroll of butterflies {unknown}
 w - 2 scrolls of enchant weapon {unknown}
 y - 2 scrolls of brand weapon {unknown}
 A - a scroll of blinking {unknown}
 G - 2 scrolls of fog {unknown}
 M - a scroll of silence {unknown}
Potions
 d - a potion of attraction {unknown}
 f - 5 potions of heal wounds {unknown}
 g - 3 potions of degeneration {unknown}
 h - 2 potions of berserk rage {unknown}
 l - 6 potions of curing {unknown}
 n - 2 potions of brilliance {unknown}
 v - 2 potions of ambrosia {unknown}
 x - a potion of haste {unknown}
 B - 2 potions of mutation {unknown}
 E - a potion of might {unknown}
 F - a potion of resistance {unknown}


   Skills:
 + Level 7.5 Fighting
 - Level 3.4(6.4) Maces & Flails
 * Level 8.5(8.8) Staves
 * Level 9.8 Armour
 + Level 5.3 Dodging


You had 9 spell levels left.
You didn't know any spells.
Your spell library was empty.

Dungeon Overview and Level Annotations

Branches:
Dungeon (8/15)             Temple (0/1) D:6
   Lair: D:8-11

Altars:
Ru
Wu Jian

Shops:
D:3 [


Innate Abilities, Weirdness & Mutations

You are immune to sickness and miasma.
Your stone body is resilient. (AC +7)
You are immune to poison.
You resist negative energy. (rN+)
You are resistant to electric shocks. (rElec)
You are resistant to unholy torment.
You are immune to petrification.


Message History

You hit the orc.
You kill the orc!
Trog accepts your kill.
The orc priest calls down the wrath of Beogh upon you.
Beogh smites you!
Items here: ! )) [ ††.
The orc priest invokes the aid of Beogh against you.
Beogh smites you!
You closely miss the orc. You sock the orc!
You kill the orc!
Trog accepts your kill.
The orc priest calls down the wrath of Beogh upon you.
Beogh smites you!
* * * LOW HITPOINT WARNING * * *
A red film seems to cover your vision as you go berserk!
You feel yourself moving faster!
You feel mighty!
The orc priest casts a cantrip, but nothing happens.
The orc closely misses you.
You barely miss the orc.
The orc priest invokes the aid of Beogh against you.
Beogh smites you!
* * * LOW HITPOINT WARNING * * *
The orc hits you but does no damage.
You bludgeon the orc!!
You kill the orc!
Trog accepts your kill. The orc priest misses you.
Items here: ! )))) [[ †††.
You hit the orc priest.
The orc priest is lightly wounded.
The orc priest completely misses you.
You closely miss the orc priest.
The orc priest is lightly wounded.
You sock the orc priest!
The orc priest is severely wounded.
The orc priest hits you with a +2 hand axe of flaming!
* * * LOW HITPOINT WARNING * * *
The orc priest burns you.
You die...

.#
##.###..............##
..# ###
##.............# .>.
##............# #..
##.....<.##.## ##.
##...>..#..##
##.........####
##...####....##
###..###...<...#
##o@### ##......##
##...## #.......##
#..###.....#
#........##
#..)>......#
##........#
##$.........#
#........#
##..........#
#........#
#.#..........#
##.......# #
#..........# #.......#
#........... ##......#


You could see an orc priest.

Vanquished Creatures
  The ghost of Gatsu the Trooper, an amateur HOFi (D:4)
  Sigmund (D:3)
  2 wraiths
  Eustachio (D:5)
  A steam dragon (D:7)
  9 yaks
  The ghost of Psyclone the Conjurer, an amateur DECj (D:5)
  A sky beast (D:7)
  2 ice beasts
  4 black bears
  3 centaurs (D:6)
  2 ogres (D:5)
  A kobold brigand (D:8)
  Blork the orc (D:5)
  A bullfrog (D:7)
  6 scorpions
  2 jellies
  3 orc priests
  3 hounds
  3 sleepcaps
  5 iguanas
  6 orc wizards
  5 adders
  3 gnolls (D:4)
  A shadow imp (D:6)
  4 white imps
  2 ufetubi
  3 worms
  3 dart slugs
  18 orcs
  8 ball pythons
  7 endoplasms
  6 giant cockroaches
  12 goblins
  A hobgoblin (D:1)
  5 jackals
  3 quokkas
  A bat (D:2)
  3 frilled lizards
  7 kobolds
  2 rats
153 creatures vanquished.

Notes
Turn   | Place    | Note
-------+----------+-------------------------------------------
     0 | D:1      | KittyFluff the Gargoyle Berserker began the quest for the
                  | Orb.
     0 | D:1      | Reached XP level 1. HP: 14/14 MP: 1/1
   112 | D:1      | Reached XP level 2. HP: 19/19 MP: 2/2
   380 | D:1      | Reached XP level 3. HP: 23/23 MP: 3/3
   431 | D:1      | Found a faded altar of an unknown god.
   515 | D:1      | Reached ** piety under Trog
   863 | D:2      | Reached skill level 3 in Armour
   923 | D:2      | Reached XP level 4. HP: 26/29 MP: 4/4
   959 | D:2      | Reached skill level 1 in Staves
  1387 | D:3      | Found Puriuc's Antique Armour Shoppe.
  1407 | D:3      | Bought a runed chain mail for 165 gold pieces
  1465 | D:3      | Noticed Sigmund
  1470 | D:3      | Killed Sigmund
  1471 | D:3      | Reached skill level 4 in Armour
  1471 | D:3      | Reached XP level 5. HP: 31/33 MP: 5/5
  1471 | D:3      | Reached XP level 6. HP: 36/38 MP: 6/6
  2135 | D:4      | Found an ornate altar of the Wu Jian Council.
  2146 | D:4      | Found a sacrificial altar of Ru.
  2420 | D:4      | Noticed a black bear
  2429 | D:4      | Killed a black bear
  2570 | D:4      | Found a runed translucent door.
  2570 | D:4      | Noticed Gatsu's ghost (amateur HOFi)
  2718 | D:4      | Killed Gatsu's ghost
  2719 | D:4      | Reached skill level 5 in Armour
  2719 | D:4      | Reached XP level 7. HP: 10/44 MP: 7/7
  3334 | D:5      | Entered Level 5 of the Dungeon
  3334 | D:5      | Noticed Eustachio
  3339 | D:5      | Found a transporter.
  3363 | D:5      | Killed Eustachio
  3364 | D:5      | Reached skill level 5 in Fighting
  3472 | D:5      | Noticed Psyclone's ghost (amateur DECj)
  3474 | D:5      | Identified the +9 dire flail "Pifferon" {venom, Dex+3}
  3480 | D:5      | Found a transporter.
  3595 | D:5      | Reached skill level 6 in Armour
  3595 | D:5      | Reached XP level 8. HP: 8/49 MP: 8/8
  3914 | D:5      | Reached skill level 5 in Staves
  3918 | D:5      | Reached *** piety under Trog
  4376 | D:5      | Reached skill level 7 in Armour
  4401 | D:5      | Noticed Blork the orc
  4418 | D:5      | Killed Blork the orc
  4654 | D:5      | Reached XP level 9. HP: 45/55 MP: 9/9
  4743 | D:5      | Killed Psyclone's ghost
  5118 | D:6      | Reached skill level 8 in Armour
  5501 | D:6      | Found a staircase to the Ecumenical Temple.
  6296 | D:6      | Reached **** piety under Trog
  6297 | D:6      | Reached skill level 9 in Armour
  6297 | D:6      | Reached XP level 10. HP: 47/61 MP: 10/10
  6495 | D:7      | Reached skill level 5 in Dodging
  7343 | D:8      | HP: 3/94 [orc priest/+2 hand axe of flaming (8)]
  7343 | D:8      | Slain by an orc priest

Illustrated notes

Levels and vault maps discovered:
D:1:      dpeg_arrival_central, layout_rooms,
          dreamdust_ecumenical_altar_angels_and_demons
D:2:      layout_rooms
D:3:      layout_basic, serial_shops, shop, uniq_sigmund
D:4:      layout_basic, grunt_temple_overflow_open,
          hellmonk_ghost_happy_afterlife
D:5:      layout_loops_cross, gammafunk_ghost_smash, minmay_between,
          uniq_eustachio, uniq_blork_the_orc
D:6:      minmay_angry_zag, layout_loops_ring, minmay_temple_entry_sparse_star,
          kennysheep_cross_room, dk_noncrumbling_4
D:7:      layout_gridville, nicolae_zen_rock_garden, minmay_microvault
D:8:      layout_cave_pods

Skill      XL: |  1  2  3  4  5  6  7  8  9 10 |
---------------+-------------------------------+-----
Armour         | 3 4 5 6 7 9 |  9.8
Dodging        | 2 3 4 5 |  5.3
Staves         | 2 3 4 5 7 8 |  8.5
Fighting       | 4 5 6 7 |  7.5
Maces & Flails | |  3.4

Action                     |  1- 3 |  4- 6 |  7- 9 | 10-12 || total
---------------------------+-------+-------+-------+-------++-------
  Melee: Mace              |    76 |       |       |       ||    76
         Quarterstaff      |    26 |   153 |   353 |   164 ||   696
  Throw: Boomerang         |       |       |     4 |       ||     4
 Invoke: Berserk           |       |     2 |     4 |     2 ||     8
    Use: Scroll            |       |     1 |       |       ||     1
 Armour: Animal skin       |    33 |    19 |       |       ||    52
         Leather armour    |       |    43 |   186 |       ||   229
         Steam dragon scal |       |       |     8 |    54 ||    62
  Dodge: Dodged            |    78 |    94 |   263 |    64 ||   499
